Map: Submarine LE

Players

HaveyWavey - Winner!

  • Race: Protoss Protoss
  • League: Diamond
  • Spawn Location: 11:00

Kappadar

  • Race: Protoss Protoss
  • League: Diamond
  • Spawn Location: 5:00

VOD

Have the link to the VOD?

Description

Time

  • Played on: June 24, 2020, 7:57 p.m.
  • Length: 3:44
Show
View Real Time Build Order
Export as new Build Order

HaveyWavey Protoss - Winner!

Build Orders:  

Get SALT Encoding   

  1  0:00  Probe  
  12  0:04  Probe  
  14  0:14  Probe  
  14  0:21  Pylon  
  15  0:39  Probe, Forge  
  16  1:04  Pylon  
  16  1:05  Pylon  
  16  1:06  Pylon  
  16  1:22  Photon Cannon  
  16  1:26  Gateway  
  16  1:33  Photon Cannon  
  16  1:40  Pylon  
  16  1:52  Pylon  
  16  1:56  Pylon  
  16  1:59  Pylon  
  15  2:09  Pylon  
  15  2:11  Zealot  
  15  2:17  Photon Cannon  
  15  2:18  Photon Cannon  
  17  2:25  Photon Cannon  
  17  2:33  Photon Cannon  
  17  2:39  Photon Cannon  
  17  2:43  Photon Cannon  
  17  2:50  Photon Cannon  
  17  2:55  Photon Cannon  
  17  2:58  Zealot  
  17  3:05  Photon Cannon  
  19  3:16  Assimilator  
  18  3:22  Cybernetics Core  
  18  3:25  Probe  
  18  3:37  Assimilator  
Show
View Real Time Build Order
Export as new Build Order

Kappadar Protoss 

Build Orders:  

Get SALT Encoding   

  12  0:01  Probe  
  13  0:13  Probe  
  14  0:17  Pylon  
  14  0:26  Probe  
  15  0:34  Probe  
  15  0:36  Gateway  
  16  0:43  Probe  
  16  0:45  Assimilator  
  17  0:54  Probe  
  18  0:57  Assimilator  
  18  1:17  Gateway  
  18  1:22  Zealot  
  20  1:55  Zealot  
  22  2:14  Cybernetics Core  
  18  2:23  Zealot  
  18  2:31  Zealot  
  16  3:28  Shield Battery  
Tags
 
Matchup
PvP
Spawn Locations
Cross Positions
Add a new tag
Caveats
  • Supply blocks, unpowered buildings, or Contaminate may cause inaccurate times.
  • Supply counts are checked every 10 seconds.